 Dungeon Crawl Stone Soup version 0.21.0-3-g78d12a8 (webtiles) character file.

1537 Amaterasu the Slicer (level 9, -3/56 HPs)
             Began as a Kobold Gladiator on Jan 8, 2018.
             Slain by an orc warrior
             ... wielding a +0 hand axe
              (17 damage)
             ... on level 6 of the Dungeon.
             The game lasted 00:14:42 (7453 turns).

Amaterasu the Slicer (Kobold Gladiator)             Turns: 7453, Time: 00:14:43

Health: -3/56      AC:  7    Str: 12    XL:     9   Next: 11%
Magic:  9/9        EV: 17    Int: 11    God:
Gold:   289        SH:  6    Dex: 19    Spells: 8/8 levels left

rFire    . . .     SeeInvis .   a - +1 rapier
rCold    . . .     Gourm    .   s - +0 buckler
rNeg     . . .     Faith    .   r - +0 ring mail (curse)
rPois    .         Spirit   .   c - +1 helmet
rElec    .         Reflect  .   (no cloak)
rCorr    .         Harm     .   (no gloves)
MR       .....                  (no boots)
Stlth    +.........             (no amulet)
HPRegen  0.18/turn              g - +2 ring of intelligence
MPRegen  0.11/turn              q - ring of flight

@: no status effects
A: small, carnivore
a: Evoke Flight


You were on level 6 of the Dungeon.
You were very full.

You visited 2 branches of the dungeon, and saw 8 of its levels.
You also visited: Sewer.

You collected 429 gold pieces.
You spent 140 gold pieces at shops.

Inventory:

Hand Weapons
 a - a +1 rapier (weapon)
Missiles
 d - 3 throwing nets (quivered)
Armour
 c - a +1 helmet (worn)
 r - a cursed +0 ring mail (worn)
 s - a +0 buckler (worn)
Jewellery
 g - a +2 ring of intelligence (left hand)
 q - a ring of flight (right hand)
Wands
 u - a wand of iceblast (9)
Scrolls
 i - 4 scrolls of remove curse
 j - 6 scrolls of magic mapping
 k - 5 scrolls of fog
 l - a scroll of blinking
 o - 2 scrolls of teleportation
 p - a scroll of fear
Potions
 b - a potion of ambrosia
 e - a potion of magic
 h - a potion of heal wounds
 m - a potion of curing
 n - 2 potions of brilliance
 t - a potion of haste
 w - a potion of cancellation
Comestibles
 f - 14 rations


   Skills:
 + Level 6.7 Fighting
 - Level 10.0 Short Blades
 - Level 2.1 Throwing
 * Level 6.6 Dodging
 * Level 2.3 Shields
 * Level 0.3 Evocations


You had 8 spell levels left.
You didn't know any spells.

Dungeon Overview and Level Annotations

Branches:
Dungeon (7/15)             Temple (1/1) D:6

Altars:
Ashenzari
Dithmenos
Elyvilon
Fedhas
Gozag
Makhleb
Nemelex Xobeh
Okawaru
Ru
Sif Muna
Trog
Uskayaw
Vehumet
Wu Jian
Xom
Yredelemnul
Zin

Shops:
D:5 *


Innate Abilities, Weirdness & Mutations

You are small and have problems with some larger weapons.
You are carnivorous and can eat meat at any time.


Message History

The orc warrior is severely wounded.
The orc warrior misses you.
You hit the orc warrior.
The orc warrior is severely wounded.
The orc warrior hits you with a hand axe.
* * * LOW HITPOINT WARNING * * *
You feel much better.
You hit the orc warrior but do no damage.
The orc warrior is severely wounded.
The orc warrior hits you with a hand axe.
You hit the orc warrior but do no damage.
The orc warrior is severely wounded.
The orc warrior hits you with a hand axe!
* * * LOW HITPOINT WARNING * * *
You hit the orc warrior.
The orc warrior is severely wounded.
You barely miss the orc warrior.
The orc warrior is severely wounded.
The orc warrior hits you with a hand axe!
You die...

########## #....@o..#
#.######.####
#.##........# ##
#.##........##
.###########.##.....)...#
...................>#...#
.#####.......######.#...#
.#####.########.....#...#
.....#.....# #.....#...#


You could see an orc warrior.

Vanquished Creatures
  A sky beast (D:6)
  2 phantoms
  An ice beast (D:5)
  A centaur (D:6)
  A gnoll sergeant (D:5)
  3 bullfrogs
  3 scorpions
  2 crimson imps
  A hound (D:4)
  A centaur skeleton (D:4)
  An iguana (D:4)
  3 orc wizards
  2 worker ants
  A hound zombie (D:5)
  7 gnolls
  A howler monkey zombie (D:5)
  11 adders
  8 river rats
  A shadow imp (D:6)
  3 oozes
  An adder zombie (D:5)
  A worm (D:3)
  3 dart slugs
  4 leopard geckos
  18 orcs
  7 bats
  3 giant cockroaches (D:3)
  7 goblins
  6 hobgoblins
  3 jackals (D:5)
  12 ball pythons
  8 frilled lizards
  6 kobolds
  A quokka zombie (D:5)
  33 rats
167 creatures vanquished.

Vanquished Creatures (others)
  An ooze (D:3)
1 creature vanquished.

Grand Total: 168 creatures vanquished

Notes
Turn   | Place    | Note
-------+----------+-------------------------------------------
     0 | D:1      | Amaterasu the Kobold Gladiator began the quest for the Orb.
     0 | D:1      | Reached XP level 1. HP: 12/12 MP: 1/1
   142 | D:1      | Reached XP level 2. HP: 10/17 MP: 2/2
   317 | D:1      | Reached skill level 5 in Short Blades
   323 | D:1      | Reached XP level 3. HP: 8/21 MP: 3/3
   641 | D:1      | Reached skill level 6 in Short Blades
  1165 | D:2      | Reached XP level 4. HP: 26/26 MP: 4/4
  1467 | D:2      | Found a shattered altar of Ashenzari.
  1818 | D:3      | Found a shadowy altar of Dithmenos.
  1871 | D:2      | Reached XP level 5. HP: 21/32 MP: 5/5
  2066 | D:3      | Found a deep blue altar of Sif Muna.
  2253 | D:3      | Reached skill level 5 in Dodging
  2304 | D:3      | Found a shimmering altar of Xom.
  2327 | D:3      | Found a radiant altar of Vehumet.
  2562 | D:3      | Found a bloodstained altar of Trog.
  2799 | D:3      | Found a sacrificial altar of Ru.
  2929 | D:3      | Reached XP level 6. HP: 28/38 MP: 6/6
  3228 | D:4      | Found a glowing drain.
  3235 | Sewer    | Entered a sewer
  3377 | Sewer    | Reached skill level 5 in Fighting
  3885 | Sewer    | Reached skill level 7 in Short Blades
  3885 | Sewer    | Reached XP level 7. HP: 16/44 MP: 7/7
  4749 | D:4      | Reached skill level 8 in Short Blades
  5275 | D:5      | Entered Level 5 of the Dungeon
  5308 | D:5      | Reached skill level 9 in Short Blades
  5405 | D:5      | Reached XP level 8. HP: 35/49 MP: 8/8
  5574 | D:5      | Reached skill level 10 in Short Blades
  5942 | D:5      | Found Haoxib's Assorted Antiques.
  5950 | D:5      | Bought a buckler for 117 gold pieces
  5950 | D:5      | Bought a black potion for 23 gold pieces
  6760 | D:6      | Reached skill level 1 in Shields
  6920 | D:6      | Reached XP level 9. HP: 39/56 MP: 9/9
  7277 | D:6      | Found a staircase to the Ecumenical Temple.
  7286 | Temple   | Entered the Ecumenical Temple
  7453 | D:6      | Slain by an orc warrior

Skill      XL: |  1  2  3  4  5  6  7  8 |
---------------+-------------------------+-----
Short Blades   | 5 6 7 9 10 | 10.0
Dodging        | 4 5 6 |  6.6
Fighting       | 3 5 6 |  6.7
Shields        | 2 |  2.3
Throwing       | |  2.1
Evocations     | |  0.3

Action                   |  1- 3 |  4- 6 |  7- 9 || total
-------------------------+-------+-------+-------++-------
Melee: Rapier            |    71 |   379 |   327 ||   777
  Use: Scroll            |     2 |     9 |     6 ||    17
       Potion            |       |     9 |     2 ||    11
 Stab: Sleeping          |     1 |     1 |     1 ||     3
  Eat: Chunk             |     2 |    16 |    10 ||    28
Armor: Leather armour    |    12 |    79 |    14 ||   105
       Ring mail         |       |       |    34 ||    34
Dodge: Dodged            |    58 |   406 |   169 ||   633
Block: Buckler           |       |       |    25 ||    25
